 Dungeon Crawl Stone Soup version 0.30-a0-341-g682706514a (webtiles) character file.

Game seed: 8236235294199479283

113 Elric the Poker (level 4, -17/34 HPs)
             Began as a Merfolk Gladiator on Nov 2, 2022.
             Killed by an exploding butterfly (20 damage)
             ... ignited by their inner flame
             ... on level 7 of the Dungeon.
             The game lasted 00:04:57 (2139 turns).

Elric the Poker (Merfolk Gladiator)                 Turns: 2139, Time: 00:04:58

Health: -17/34     AC:  5    Str: 16    XL:     4   Next: 96%
Magic:  4/4        EV: 13    Int:  7    God:
Gold:   206        SH:  4    Dex: 19    Spells: 3/3 levels left

rFire   + . .      SeeInvis +    a - +0 trident
rCold   . . .      Faith    .    r - +0 buckler
rNeg    . . .      Spirit   .    b - +0 leather armour
rPois   +          Reflect  .    c - +0 helmet
rElec   .          Harm     .    (no cloak)
rCorr   +          Rampage  .    (no gloves)
Will    .....                    i - +0 pair of boots
Stlth   ..........               (no amulet)
HPRegen 0.25/turn                v - ring of Jiecw {rPois rF+ Dex+4 SInv Stlth-}
MPRegen 0.09/turn                x - ring of resist corrosion

@: no status effects
A: (nimble swimmer 2), mertail
a: no special abilities


You were on level 7 of the Dungeon.
You visited 1 branch of the dungeon, and saw 5 of its levels.

You collected 206 gold pieces.

Inventory:

Hand Weapons
 a - a +0 trident (weapon)
Missiles
 d - 3 throwing nets (quivered)
 e - a javelin
Armour
 b - a +0 leather armour (worn)
 c - a +0 helmet (worn)
 i - a +0 pair of boots (worn)
 r - a +0 buckler (worn)
Jewellery
 v - the ring of Jiecw (left hand) {rPois rF+ Dex+4 SInv Stlth-}
   (You found it on level 3 of the Dungeon)

   [ring of see invisible]

   Dex:       It affects your dexterity (+4).
   rF:        It protects you from fire.
   rPois:     It protects you from poison.
   SInv:      It lets you see invisible.
   Stlth:     It makes you less stealthy.
 x - a ring of resist corrosion (right hand)
Scrolls
 f - 3 scrolls of teleportation
 g - a scroll of torment
 h - a scroll of poison
 t - a scroll of magic mapping {unknown}
Potions
 k - 2 potions of flight {unknown}
 l - 2 potions of mutation {unknown}
 m - 5 potions of heal wounds
 o - a potion of might {unknown}
 p - 2 potions of curing {unknown}
 s - a potion of attraction {unknown}
 u - a potion of brilliance {unknown}
 z - a potion of magic {unknown}


   Skills:
 - Level 2.3 Fighting
 + Level 6.9 Polearms
 - Level 2.1 Throwing
 - Level 4.2 Dodging


You had 3 spell levels left.
You didn't know any spells.
Your spell library was empty.

Dungeon Overview and Level Annotations

Branches:
Dungeon (7/15)
 Temple: D:4-7

Altars:


Innate Abilities, Weirdness & Mutations

((You are very nimble when in or above water. (Stealth+, EV+, Speed+++)))
Your lower body shifts to a powerful aquatic tail in water.


Message History

The fiery explosion engulfs your butterfly!!
Your butterfly disappears in a burst of colours!
The fiery explosion engulfs your butterfly!!
Your butterfly disappears in a burst of colours!
The fiery explosion engulfs you! You resist.
Your butterfly explodes!
The fiery explosion engulfs your butterfly!!
Your butterfly disappears in a burst of colours!
The fiery explosion engulfs your butterfly!!
Your butterfly disappears in a burst of colours!
Your butterfly explodes!
The fiery explosion engulfs you! You resist.
The fiery explosion engulfs your butterfly!!
Your butterfly disappears in a burst of colours!
The fiery explosion engulfs your butterfly!
Your butterfly disappears in a burst of colours!
The fiery explosion engulfs your butterfly!!
Your butterfly disappears in a burst of colours!
The fiery explosion engulfs your butterfly!!
Your butterfly disappears in a burst of colours!
Your butterfly explodes!
The fiery explosion engulfs your butterfly!
Your butterfly disappears in a burst of colours!
Your butterfly explodes!
The fiery explosion engulfs you! You resist.
* * * LOW HITPOINT WARNING * * *
The fiery explosion engulfs your butterfly!!
Your butterfly disappears in a burst of colours!
The fiery explosion engulfs your butterfly!!
Your butterfly disappears in a burst of colours!
The fiery explosion engulfs your butterfly!
Your butterfly disappears in a burst of colours!
The fiery explosion engulfs your butterfly!!
Your butterfly disappears in a burst of colours!
Your butterfly explodes! x3
The fiery explosion engulfs your butterfly!!
Your butterfly disappears in a burst of colours!
The fiery explosion engulfs you!! You resist.
Ouch! That really hurt!
You die...

#§§§§§§§ §☼
#§§§§§§# §§§
#§§§§§b# b§§§
#§b§§☼b##☼§§§
#☼§☼§§§☼§b§§☼
§##§§§§§§§§§§§§
§§bb§§§§§§§☼§§§
§§§b§§§@§§§§§n§
§§§§§b§§§##§b§§
§§§§§b§§§§§ §
§§§§b§§§§§§§§
☼§§§§☼§§b§§§§§☼
§☼§§§§§§§§§§§☼#
§§§§§§§§§§§§§§#
§§§§§§§§§§§§☼§#


You could see a necrophage (inner flame, ally target).

Vanquished Creatures
  4 adders
  An adder skeleton (D:2)
  A worm (D:2)
  A dart slug (D:3)
  An orc (D:3)
  7 endoplasms
  4 giant cockroaches
  3 goblins
  6 hobgoblins
  8 jackals
  6 kobolds
  A quokka (D:3)
  5 ball pythons
  A ball python skeleton (D:2)
  5 bats
  10 frilled lizards
  2 rats
66 creatures vanquished.

Notes
Turn   | Place    | Note
-------+----------+-------------------------------------------
     0 | D:1      | Elric the Merfolk Gladiator began the quest for the Orb.
     0 | D:1      | Reached XP level 1. HP: 16/16 MP: 1/1
   153 | D:1      | Reached XP level 2. HP: 23/23 MP: 2/2
   700 | D:2      | Reached skill level 5 in Polearms
   700 | D:2      | Reached XP level 3. HP: 28/28 MP: 3/3
  1170 | D:2      | Found Viphatz's Magic Scroll Shoppe.
  1173 | D:2      | Reached XP level 4. HP: 34/34 MP: 4/4
  1183 | D:2      | Reached skill level 6 in Polearms
  1319 | D:2      | Found a faded altar of an unknown god.
  1609 | D:3      | Identified the ring of Jiecw {rPois rF+ Dex+4 SInv Stlth-}
  2133 | D:4      | You fall into a shaft and drop 3 floors!
  2137 | D:7      | Noticed a necrophage
  2139 | D:7      | Killed by an exploding butterfly... ignited by their inner
                  | flame

Illustrated notes

Levels and vault maps discovered:
D:1:      roderic_chinese_lattice_arrival, layout_loops_ring, minmay_lizard_pond
D:2:      layout_loops_ring, serial_shops, nicolae_square_shop,
          shapermc_ecumenical_altar_flowoftime, serial_undead, serial_undead_c,
          serial_undead_b, serial_undead_d, serial_undead_e, serial_undead_e,
          serial_undead_b, serial_undead_a
D:3:      layout_basic
D:4:      layout_basic, doesnt_xom_only_xom, minmay_temple_entry_offerings
D:7:      layout_basic, zin_treasury, kennysheep_generic_room_13

Skill      XL: |  1  2  3  4 |
---------------+-------------+-----
Polearms       | 5 6 |  6.9
Fighting       | |  2.3
Throwing       | |  2.1
Dodging        | |  4.2

Action                   |  1- 3 |  4- 6 || total
-------------------------+-------+-------++-------
Melee: Trident           |   131 |    92 ||   223
       Punch             |     1 |       ||     1
  Use: Scroll            |       |     7 ||     7
 Stab: Sleeping          |     4 |       ||     4
Armor: Leather armour    |    33 |    17 ||    50
Dodge: Dodged            |    71 |    38 ||   109
Block: Buckler           |       |     9 ||     9

Table legend: (Time is in decaauts)
 A = Elapsed time spent in this place.
 B = Non-inter-level travel time spent in this place.
 C = Inter-level travel time spent in this place.
 D = Time resting spent in this place.
 E = Time spent auto-exploring this place.
 F = Levels seen in this place.
 G = Mean time per level.
                   A        B        C        D        E       F      G
               +--------+--------+--------+--------+--------+-----+--------+
         Total |   2145 |   2069 |     76 |      0 |   1635 |   5 |  429.0 |
       Dungeon |   2145 |   2069 |     76 |      0 |   1635 |   5 |  429.0 |
               +--------+--------+--------+--------+--------+-----+--------+

Top non-repeatable levels by time:
     D:2: 783 daAuts
     D:1: 662 daAuts
     D:3: 600 daAuts
     D:4: 93 daAuts
     D:7: 5 daAuts
